TOP OF THE 1ST |
Lannister United Lionhearts batting - Pitching for San Bernardino Grasshoppers : RHP Knud Herrewijn
|
Pitching: RHP Knud Herrewijn
|
|
Batting: RHB Dejmi Dumervil
|
0-0: Called Strike 0-1: Ball 1-1: Ball 2-1: Ball 3-1: Foul Ball, location: 2F 3-2: Strikes out swinging
|
Batting: LHB Dave Watts
|
0-0: Swinging Strike 0-1: Called Strike 0-2: Ball 1-2: Ball 2-2: Strikes out swinging
|
Batting: SHB Gerrie Bond
|
0-0: SOLO HOME RUN (Flyball, 9D), Distance : 396 ft
|
Batting: RHB Gilberto Clemente
|
0-0: Ball 1-0: Foul Ball, location: 2F 1-1: Ball 2-1: Ground out 4-3 (Groundball, 4)
|
Top of the 1st over - 1 run, 1 hit, 0 errors, 0 left on base; Lannister United 1 - San Bernardino 0 |
BOTTOM OF THE 1ST |
San Bernardino Grasshoppers batting - Pitching for Lannister United Lionhearts : RHP Érik Moreau
|
Pitching: RHP Érik Moreau
|
|
Batting: RHB John Clark
|
0-0: Called Strike 0-1: Called Strike 0-2: Foul Ball, location: 2F 0-2: Ball 1-2: Ball 2-2: SINGLE (Groundball, 6) (infield hit)
|
Batting: LHB Joe Ellison
|
0-0: Ball 1-0: Swinging Strike 1-1: Ball 2-1: Ground out 5-3 (Groundball, 56S) John Clark to second
|
Batting: RHB Reinaart Manshert
|
0-0: Called Strike 0-1: Ball 1-1: Ball 2-1: SINGLE (Groundball, 56D) John Clark to third Runner from 3rd tries for Home, SAFE, no throw
|
Batting: RHB Jim MacRach
|
0-0: Swinging Strike 0-1: Called Strike 0-2: Ball 1-2: Ball 2-2: Foul Ball, location: 2F 2-2: Ball 3-2: Fly out, F8 (Flyball, 8RS)
|
Batting: RHB Howard Lee
|
0-0: Ball 1-0: Called Strike Reinaart Manshert steals 2nd base 1-1: Foul Ball, location: 2F 1-2: Ball 2-2: Foul Ball, location: 2F 2-2: Reached on error, E5 (Groundball, 56S) Reinaart Manshert scores
|
Batting: RHB Jouo Hirschovits
|
0-0: Foul Ball, location: 2F 0-1: Ball 1-1: Ball 2-1: Called Strike 2-2: Strikes out swinging
|
Bottom of the 1st over - 2 runs, 2 hits, 1 error, 1 left on base; Lannister United 1 - San Bernardino 2 |
TOP OF THE 2ND |
Lannister United Lionhearts batting - Pitching for San Bernardino Grasshoppers : RHP Knud Herrewijn
|
Batting: LHB Michael Witt
|
0-0: Ball 1-0: Foul Ball, location: 2F 1-1: DOUBLE (Groundball, 3L)
|
Batting: RHB Mitsuhide Bando
|
0-0: Ball 1-0: Foul Ball, location: 2F 1-1: DOUBLE (Flyball, 8LXD) Michael Witt scores
|
Batting: RHB Riley Walker
|
0-0: Swinging Strike 0-1: Swinging Strike 0-2: Ball 1-2: Strikes out swinging
|
Batting: RHB Gonzalo Vásquez
|
0-0: Ball 1-0: Ball 2-0: Ball 3-0: Called Strike 3-1: Base on Balls
|
Batting: SHB Curt Deal
|
0-0: Grounds into double play, 5-4-3 (Groundball, 56)
|
Top of the 2nd over - 1 run, 2 hits, 0 errors, 1 left on base; Lannister United 2 - San Bernardino 2 |
BOTTOM OF THE 2ND |
San Bernardino Grasshoppers batting - Pitching for Lannister United Lionhearts : RHP Érik Moreau
|
Batting: RHB Vaughn White
|
0-0: Ball 1-0: Called Strike 1-1: Called Strike 1-2: Strikes out looking
|
Batting: RHB Wren Driscoll
|
0-0: Ball 1-0: Swinging Strike 1-1: Swinging Strike 1-2: Foul Ball, location: 2F 1-2: Foul Ball, location: 2F 1-2: Foul Ball, location: 2F 1-2: Strikes out swinging
|
Batting: RHB Lawrence Stokes
|
0-0: Called Strike 0-1: Ball 1-1: Swinging Strike 1-2: Ball 2-2: Ball 3-2: Base on Balls
|
Batting: RHB John Clark
|
0-0: Ball 1-0: Ball 2-0: Fly out, F8 (Flyball, 8RXD)
|
Bottom of the 2nd over - 0 runs, 0 hits, 0 errors, 1 left on base; Lannister United 2 - San Bernardino 2 |
TOP OF THE 3RD |
Lannister United Lionhearts batting - Pitching for San Bernardino Grasshoppers : RHP Knud Herrewijn
|
Batting: RHB Dejmi Dumervil
|
0-0: Ball 1-0: Called Strike 1-1: Ball 2-1: Ground out 6-3 (Groundball, 6)
|
Batting: LHB Dave Watts
|
0-0: Called Strike 0-1: Swinging Strike 0-2: Foul Ball, location: 2F 0-2: Ball 1-2: Ball 2-2: Strikes out swinging, 2-3 out at first.
|
Batting: SHB Gerrie Bond
|
0-0: Ball 1-0: Called Strike 1-1: Ball 2-1: Ball 3-1: Swinging Strike 3-2: Base on Balls
|
Batting: RHB Gilberto Clemente
|
0-0: Ball 1-0: Swinging Strike 1-1: Ball 2-1: Ball 3-1: Ground out 3-1 (Groundball, 34S)
|
Top of the 3rd over - 0 runs, 0 hits, 0 errors, 1 left on base; Lannister United 2 - San Bernardino 2 |
BOTTOM OF THE 3RD |
San Bernardino Grasshoppers batting - Pitching for Lannister United Lionhearts : RHP Érik Moreau
|
Batting: LHB Joe Ellison
|
0-0: Ball 1-0: Ball 2-0: Called Strike 2-1: Ball 3-1: Base on Balls
|
Batting: RHB Reinaart Manshert
|
0-0: Ball 1-0: Called Strike Joe Ellison is caught stealing 2nd base 1-1: Swinging Strike 1-2: Ground out 2-3 (Groundball, 2L)
|
Batting: RHB Jim MacRach
|
0-0: Ball 1-0: Called Strike 1-1: Ball 2-1: Called Strike 2-2: Fly out, F4 (Popup, 34)
|
Bottom of the 3rd over - 0 runs, 0 hits, 0 errors, 0 left on base; Lannister United 2 - San Bernardino 2 |
TOP OF THE 4TH |
Lannister United Lionhearts batting - Pitching for San Bernardino Grasshoppers : RHP Knud Herrewijn
|
Batting: LHB Michael Witt
|
0-0: Ball 1-0: Ball 2-0: Ball 3-0: Called Strike 3-1: Base on Balls
|
Batting: RHB Mitsuhide Bando
|
0-0: Ball 1-0: Ball 2-0: Called Strike 2-1: Swinging Strike 2-2: Ball 3-2: Base on Balls Michael Witt to second
|
Batting: RHB Riley Walker
|
0-0: Ground out 5-3 (Groundball, 56S) Michael Witt to third Mitsuhide Bando to second
|
Batting: RHB Gonzalo Vásquez
|
0-0: Ball 1-0: SINGLE (Groundball, 56) (infield hit) Michael Witt scores Mitsuhide Bando to third
|
Batting: SHB Curt Deal
|
0-0: Ball 1-0: Foul Ball, location: 2F 1-1: Fly out, F9 (Flyball, 89S)
|
Batting: RHB Dejmi Dumervil
|
0-0: Foul Ball, location: 2F 0-1: Ground out 4-3 (Groundball, 34)
|
Top of the 4th over - 1 run, 1 hit, 0 errors, 2 left on base; Lannister United 3 - San Bernardino 2 |
BOTTOM OF THE 4TH |
San Bernardino Grasshoppers batting - Pitching for Lannister United Lionhearts : RHP Érik Moreau
|
Batting: RHB Howard Lee
|
0-0: Ball 1-0: Ball 2-0: Ball 3-0: Called Strike 3-1: Called Strike 3-2: Base on Balls
|
Batting: RHB Jouo Hirschovits
|
0-0: Called Strike 0-1: Ball 1-1: Foul Ball, location: 2F 1-2: Strikes out looking
|
Batting: RHB Vaughn White
|
0-0: Ball 1-0: Ball 2-0: Ball 3-0: Base on Balls Howard Lee to second
|
Pitching: LHP Roberto Muñóz
|
|
Batting: RHB Wren Driscoll
|
0-0: Ball 1-0: Called Strike 1-1: Ball 2-1: Swinging Strike 2-2: Strikes out swinging
|
Batting: RHB Lawrence Stokes
|
0-0: Ground out 1-3 (Groundball, 13S)
|
Bottom of the 4th over - 0 runs, 0 hits, 0 errors, 2 left on base; Lannister United 3 - San Bernardino 2 |
TOP OF THE 5TH |
Lannister United Lionhearts batting - Pitching for San Bernardino Grasshoppers : RHP Knud Herrewijn
|
Batting: LHB Dave Watts
|
0-0: Called Strike 0-1: Foul Ball, location: 2F 0-2: SOLO HOME RUN (Flyball, 9D), Distance : 371 ft
|
Batting: SHB Gerrie Bond
|
0-0: Ball 1-0: Fly out, F7 (Flyball, 78M)
|
Batting: RHB Gilberto Clemente
|
0-0: Ball 1-0: Fly out, F8 (Flyball, 8RM)
|
Batting: LHB Michael Witt
|
0-0: Foul Ball, location: 2F 0-1: Swinging Strike 0-2: Ball 1-2: Strikes out swinging
|
Top of the 5th over - 1 run, 1 hit, 0 errors, 0 left on base; Lannister United 4 - San Bernardino 2 |
BOTTOM OF THE 5TH |
San Bernardino Grasshoppers batting - Pitching for Lannister United Lionhearts : LHP Roberto Muñóz
|
Batting: RHB John Clark
|
0-0: Called Strike 0-1: Swinging Strike 0-2: Ball 1-2: Ball 2-2: Ball 3-2: Base on Balls
|
Batting: LHB Joe Ellison
|
0-0: Sac Bunt - play at first, batter OUT! U3 John Clark to second
|
Batting: RHB Reinaart Manshert
|
0-0: Called Strike 0-1: Ball 1-1: Foul Ball, location: 2F 1-2: Ground out 4-3 (Groundball, 4) John Clark to third
|
Batting: RHB Jim MacRach
|
0-0: Ball 1-0: Ball 2-0: Swinging Strike 2-1: Ball 3-1: Base on Balls
|
Batting: RHB Howard Lee
|
0-0: Ball 1-0: Ball 2-0: Ball 3-0: Called Strike 3-1: Foul Ball, location: 2F 3-2: Foul Ball, location: 2F 3-2: Foul Ball, location: 2F 3-2: Base on Balls Jim MacRach to second
|
Batting: RHB Jouo Hirschovits
|
0-0: Ball 1-0: Ball 2-0: Swinging Strike 2-1: GRAND SLAM HOME RUN (Flyball, 7D), Distance : 395 ft
|
Pitching: RHP Van Lapointe
|
|
Batting: RHB Vaughn White
|
0-0: Called Strike 0-1: Ball 1-1: Foul Ball, location: 2F 1-2: Ball 2-2: Strikes out swinging
|
Bottom of the 5th over - 4 runs, 1 hit, 0 errors, 0 left on base; Lannister United 4 - San Bernardino 6 |
TOP OF THE 6TH |
Lannister United Lionhearts batting - Pitching for San Bernardino Grasshoppers : RHP Knud Herrewijn
|
Batting: RHB Mitsuhide Bando
|
0-0: Ground out 6-3 (Groundball, 6S)
|
Batting: RHB Riley Walker
|
0-0: Ball 1-0: Ball 2-0: Ball 3-0: Called Strike 3-1: Foul Ball, location: 2F 3-2: Base on Balls
|
Batting: RHB Gonzalo Vásquez
|
0-0: Called Strike 0-1: Foul Ball, location: 2F 0-2: Ball 1-2: Strikes out swinging
|
Batting: SHB Curt Deal
|
0-0: Ball 1-0: Foul Ball, location: 2F 1-1: Swinging Strike 1-2: Fly out, F8 (Line Drive, 78D)
|
Top of the 6th over - 0 runs, 0 hits, 0 errors, 1 left on base; Lannister United 4 - San Bernardino 6 |
BOTTOM OF THE 6TH |
San Bernardino Grasshoppers batting - Pitching for Lannister United Lionhearts : RHP Van Lapointe
|
Batting: RHB Wren Driscoll
|
0-0: Called Strike 0-1: Foul Ball, location: 2F 0-2: Strikes out swinging
|
Batting: RHB Lawrence Stokes
|
0-0: Ball 1-0: SINGLE (Groundball, 4MD)
|
Batting: RHB John Clark
|
0-0: Foul Ball, location: 2F 0-1: Foul Ball, location: 2F 0-2: Ball 1-2: Foul Ball, location: 2F 1-2: Ball 2-2: Foul Ball, location: 2F 2-2: Fielders Choice at 2nd, 1-6 (Groundball, P)
|
Batting: LHB Joe Ellison
|
0-0: Ball 1-0: Foul Ball, location: 2F 1-1: Ball 2-1: Foul Ball, location: 2F 2-2: Ball 3-2: SINGLE (Flyball, 8LM) John Clark to second John Clark to third
|
Batting: RHB Reinaart Manshert
|
0-0: Called Strike Joe Ellison steals 2nd base 0-1: SINGLE (Line Drive, 78S) John Clark scores Joe Ellison to third Runner from 3rd tries for Home, SAFE, throw made home
|
Pitching: RHP Shusaku Kobayashi
|
|
Batting: RHB Jim MacRach
|
0-0: Ball 1-0: Called Strike 1-1: Fly out, F9 (Flyball, 9)
|
Bottom of the 6th over - 2 runs, 3 hits, 0 errors, 1 left on base; Lannister United 4 - San Bernardino 8 |
TOP OF THE 7TH |
Lannister United Lionhearts batting - Pitching for San Bernardino Grasshoppers : RHP Knud Herrewijn
|
Batting: RHB Dejmi Dumervil
|
0-0: Reached on error, E3 (Groundball, 34)
|
Batting: LHB Dave Watts
|
0-0: Called Strike 0-1: Ball 1-1: Ball 2-1: Ball 3-1: Base on Balls Dejmi Dumervil to second
|
Pitching: LHP Júlio Romero
|
|
Batting: SHB Gerrie Bond
|
0-0: Foul Ball, location: 2F 0-1: Foul Ball, location: 2F 0-2: Ball 1-2: Foul Ball, location: 2F 1-2: Strikes out looking
|
Batting: RHB Gilberto Clemente
|
0-0: Ball 1-0: Ball 2-0: Ball 3-0: Called Strike 3-1: Base on Balls Dejmi Dumervil to third Dave Watts to second
|
Batting: LHB Michael Witt
|
0-0: Ball 1-0: Ball 2-0: Ball 3-0: Base on Balls Dejmi Dumervil scores Dave Watts to third Gilberto Clemente to second
|
Batting: RHB Mitsuhide Bando
|
0-0: Called Strike 0-1: Ball 1-1: Ball 2-1: Ball 3-1: Foul Ball, location: 2F 3-2: Grounds into double play, 5-4-3 (Groundball, 56)
|
Top of the 7th over - 1 run, 0 hits, 1 error, 2 left on base; Lannister United 5 - San Bernardino 8 |
BOTTOM OF THE 7TH |
San Bernardino Grasshoppers batting - Pitching for Lannister United Lionhearts : RHP Shusaku Kobayashi
|
Batting: RHB Howard Lee
|
0-0: Fly out, F9 (Flyball, 9)
|
Batting: RHB Jouo Hirschovits
|
0-0: Called Strike 0-1: Ball 1-1: Ball 2-1: SINGLE (Line Drive, 89M)
|
Batting: RHB Vaughn White
|
0-0: Ball 1-0: Swinging Strike 1-1: Ground out 3-1 (Groundball, 34S) Jouo Hirschovits to second
|
Batting: RHB Wren Driscoll
|
0-0: Called Strike 0-1: Ball 1-1: Called Strike 1-2: Strikes out swinging
|
Bottom of the 7th over - 0 runs, 1 hit, 0 errors, 1 left on base; Lannister United 5 - San Bernardino 8 |
TOP OF THE 8TH |
Lannister United Lionhearts batting - Pitching for San Bernardino Grasshoppers : LHP Júlio Romero
|
Pitching: RHP Marcos Mesorana
|
|
Batting: RHB Riley Walker
|
0-0: Called Strike 0-1: Ground out U3 (Groundball, 3)
|
Batting: RHB Gonzalo Vásquez
|
0-0: Ground out 3-1 (Groundball, 34S)
|
Batting: SHB Curt Deal
|
0-0: Foul Ball, location: 2F 0-1: Ground out 4-3 (Groundball, 4)
|
Top of the 8th over - 0 runs, 0 hits, 0 errors, 0 left on base; Lannister United 5 - San Bernardino 8 |
BOTTOM OF THE 8TH |
San Bernardino Grasshoppers batting - Pitching for Lannister United Lionhearts : RHP Shusaku Kobayashi
|
Batting: RHB Lawrence Stokes
|
0-0: Ball 1-0: Foul Ball, location: 2F 1-1: Ball 2-1: DOUBLE (Line Drive, 7LM)
|
Batting: RHB John Clark
|
0-0: Foul Ball, location: 2F 0-1: SINGLE (Flyball, 78S) Lawrence Stokes to third
|
Batting: LHB Joe Ellison
|
0-0: Called Strike 0-1: Ball 1-1: Ball 2-1: Ball 3-1: Foul Ball, location: 2F 3-2: Ground out 4-3 (Groundball, 34) John Clark to second
|
Batting: RHB Reinaart Manshert
|
0-0: Called Strike 0-1: TRIPLE (Flyball, 78XD) Lawrence Stokes scores John Clark scores
|
Batting: RHB Jim MacRach
|
0-0: Fly out, F8 (Flyball, 8RD) Runner from 3rd tags up, SCORES, no throw
|
Batting: RHB Howard Lee
|
0-0: Swinging Strike 0-1: Ground out 6-3 (Groundball, 6)
|
Bottom of the 8th over - 3 runs, 3 hits, 0 errors, 0 left on base; Lannister United 5 - San Bernardino 11 |
TOP OF THE 9TH |
Lannister United Lionhearts batting - Pitching for San Bernardino Grasshoppers : RHP Marcos Mesorana
|
Now at C: Elijah Seymour
|
|
Now in RF: Matt Ouweneel
|
|
Batting: RHB Dejmi Dumervil
|
0-0: Called Strike 0-1: Foul Ball, location: 2F 0-2: Ball 1-2: Fly out, F7 (Flyball, 7LMF)
|
Batting: LHB Dave Watts
|
0-0: Ball 1-0: Called Strike 1-1: Foul Ball, location: 2F 1-2: Fly out, F8 (Flyball, 89D)
|
Batting: SHB Gerrie Bond
|
0-0: Ball 1-0: Fly out, F4 (Popup, 34)
|
Top of the 9th over - 0 runs, 0 hits, 0 errors, 0 left on base; Lannister United 5 - San Bernardino 11 |
|